 Dungeon Crawl Stone Soup version 0.24-a0-580-g6a6c3f83c1 (webtiles) character file.

Game seed: 13799706362905769879

60 Gynju the Slasher (level 4, -1/36 HPs)
             Began as a Barachi Fighter on Aug 22, 2019.
             Killed by nerve-wracking pain
             ... invoked by Jessica
              (10 damage)
             ... on level 1 of the Dungeon.
             The game lasted 00:02:35 (938 turns).

Gynju the Slasher (Barachi Fighter)                  Turns: 938, Time: 00:02:35

Health: -1/36      AC:  6    Str: 19    XL:     4   Next: 6%
Magic:  4/4        EV:  7    Int:  8    God:
Gold:   42         SH:  9    Dex: 11    Spells: 3/3 levels left

rFire    + . .     SeeInvis .   a - +0 long sword
rCold    x . .     Gourm    .   c - +0 shield
rNeg     . . .     Faith    .   b - +0 scale mail
rPois    .         Spirit   .   (no helmet)
rElec    .         Reflect  .   h - scarf {cloud immunity}
rCorr    .         Harm     .   (no gloves)
MR       .....                  (no boots)
Stlth    ..........             (no amulet)
HPRegen  0.12/turn              p - ring of fire
MPRegen  0.09/turn              (no ring)

@: slow
A: +LOS, swims, slowness 1, strong legs 1
a: Hop


You were on level 1 of the Dungeon.
You were hungry.

You visited 1 branch of the dungeon, and saw 2 of its levels.

You collected 42 gold pieces.

Inventory:

Hand Weapons
 a - a +0 long sword (weapon)
Armour
 b - a +0 scale mail (worn)
 c - a +0 shield (worn)
 h - a scarf of cloud immunity (worn)
Jewellery
 p - a ring of fire (left hand)
Scrolls
 k - 3 scrolls of identify {unknown}
 l - a scroll of enchant armour {unknown}
 m - 2 scrolls of immolation {unknown}
 n - a scroll of remove curse {unknown}
Potions
 d - a potion of might
 e - a potion of invisibility {unknown}
 i - 3 potions of curing {unknown}
 j - a potion of lignification {unknown}
 o - a potion of degeneration {unknown}
 q - a potion of flight {unknown}
Comestibles
 f - 5 rations


   Skills:
 - Level 3.6 Fighting
 + Level 5.1 Long Blades
 - Level 3.6 Armour
 - Level 3.2 Shields


You had 3 spell levels left.
You didn't know any spells.
Your spell library was empty.

Dungeon Overview and Level Annotations

Branches:
Dungeon (2/15)

Altars:

Annotations:
D:1 Jessica


Innate Abilities, Weirdness & Mutations

Shadows flee at your approach. (+LOS)
You can swim through water.
You cover ground slowly.
You can hop short distances.


Message History

Jessica hits you with a +0 dagger.
* * * LOW HITPOINT WARNING * * *
Jessica casts a spell.
Jessica blinks!
You feel yourself speed up.
All of the chunks of flesh in your inventory have rotted away.
Jessica completely misses you.
You riposte.
You hit Jessica but do no damage. Jessica hits you but does no damage.
Jessica barely misses you.
You riposte.
You barely miss Jessica. You block Jessica's attack.
You block Jessica's attack.
Jessica mumbles something strange.
You block Jessica's attack. Jessica gestures at you while chanting.
You barely resist. Jessica casts a spell at you.
You barely resist.
Jessica points at you and mumbles some strange words.
Pain shoots through your body!
You die...

#....)....##..........)
#......##.............#
#....#...####..........
#....###.## ##.........
###### #..#####........
##.##...........
#########.#..###......#
#...........####.))...#
#.....@..@.......>....#
#.....................#
#........####......####
########## #..........#
#..........#
#..........#
##..........#
#..###.##.#.. #..#
#.##.###


You could see Jessica.

Vanquished Creatures
  Natasha (D:2)
  An ooze (D:1)
  A worm (D:1)
  2 dart slugs (D:1)
  A leopard gecko (D:1)
  4 hobgoblins (D:1)
  5 jackals (D:1)
  4 bats (D:1)
  A frilled lizard (D:1)
  2 goblins (D:1)
  A kobold (D:1)
  4 rats (D:1)
27 creatures vanquished.

Notes
Turn   | Place    | Note
-------+----------+-------------------------------------------
     0 | D:1      | Gynju the Barachi Fighter began the quest for the Orb.
     0 | D:1      | Reached XP level 1. HP: 18/18 MP: 1/1
   149 | D:1      | Reached skill level 3 in Long Blades
   191 | D:1      | Reached XP level 2. HP: 23/24 MP: 2/2
   276 | D:1      | Reached skill level 4 in Long Blades
   322 | D:1      | Reached XP level 3. HP: 29/29 MP: 3/3
   709 | D:2      | Noticed Natasha
   741 | D:2      | Killed Natasha
   741 | D:2      | Reached skill level 5 in Long Blades
   741 | D:2      | Reached XP level 4. HP: 17/36 MP: 4/4
   908 | D:2      | Noticed Jessica
   938 | D:1      | Killed from afar by Jessica

Levels and vault maps discovered:
D:1:      dpeg_arrival_tiny_k, layout_rooms, grunt_decor_cap
D:2:      layout_basic, uniq_jessica, uniq_natasha

Skill      XL: |  1  2  3 |
---------------+----------+-----
Long Blades    | 3 4 5 |  5.1
Fighting       | |  3.6
Armour         | |  3.6
Shields        | |  3.2

Action                   |  1- 3 |  4- 6 || total
-------------------------+-------+-------++-------
Melee: Long sword        |    76 |     6 ||    82
Armor: Scale mail        |    31 |     8 ||    39
Dodge: Dodged            |    21 |     4 ||    25
Block: Shield            |    33 |     7 ||    40
       Rpst.: Long sword |     5 |     3 ||     8

Table legend:
 A = Non-vault XP
 B = Vault XP
 C = Vault XP percentage of total XP
 D = Non-vault monster count
 E = Vault monster count
 F = Vault count percentage of total count
                 A         B        C        D         E       F
            +---------+---------+-------+---------+---------+-------
      Total |      54 |      33 |  37.9 |      26 |       1 |   3.7
            +---------+---------+-------+---------+---------+-------
        D:1 |      54 |       0 |   0.0 |      26 |       0 |   0.0
        D:2 |       0 |      33 | 100.0 |       0 |       1 | 100.0
            +---------+---------+-------+---------+---------+-------
